[Event "Allsvenskan Div I 3 2023/2024: SS Manhem II - Varbergs SK"]
[Site "Goteborgs schackcentrum, Vegatan 20, Gothenburg, Sweden"]
[Date "2023.12.03"]
[Round "1.1"]
[White "Wahlstrom, Lennart"]
[Black "Berggren Torell, Harald"]
[Result "1/2-1/2"]
[TimeControl "90 minutes for 40 moves + 30 minutes for the rest of the game + 30 seconds per move from move one."]
[WhiteFideId "1706829"]
[BlackFideId "1714031"]
[WhiteElo "2093"]
[BlackElo "2053"]

1. e4 d6 2. d4 Nf6 3. Nc3 g6 4. Nf3 Bg7 5. Be2 O-O 6. O-O Nc6 7. h3 e5 8. dxe5 dxe5 9. Qxd8 Nxd8 10.
Be3 c6 11. Rfd1 Re8 12. Nxe5 Nxe4 13. Nxe4 Bxe5 14. Nd6 Re7 15. Nxc8 Rxc8 16. c3 Bc7 17. Kf1 Ne6 18. Bc4 Rce8 19.
g3 Kg7 20. Kg2 b6 21. Rd2 f5 22. Bxe6 Rxe6 23. Rd7+ R8e7 24. Rad1 Be5 25. a4 Kf7 26. a5 c5 27. axb6 axb6 28.
Bg5 Bf6 29. Bxf6 Kxf6 1/2-1/2

[Event "Allsvenskan Div I 3 2023/2024: SS Manhem II - Varbergs SK"]
[Site "Goteborgs schackcentrum, Vegatan 20, Gothenburg, Sweden"]
[Date "2023.12.03"]
[Round "1.2"]
[White "Svensson, Lars"]
[Black "Eriksson, Kristian"]
[Result "1/2-1/2"]
[TimeControl "90 minutes for 40 moves + 30 minutes for the rest of the game + 30 seconds per move from move one."]
[WhiteFideId "1734466"]
[BlackFideId "1705172"]
[WhiteElo "2062"]
[BlackElo "2038"]

1. d4 Nf6 2. Nf3 e6 3. c4 Bb4+ 4. Bd2 c5 5. e3 O-O 6. Bd3 b6 7. O-O Bb7 8. a3 Bxd2 9. Nbxd2 cxd4 10.
Nxd4 Nc6 11. N2f3 Nxd4 12. Nxd4 d5 13. Qe2 Rc8 14. Rfd1 Qe7 15. Rac1 g6 16. cxd5 Nxd5 1/2-1/2

[Event "Allsvenskan Div I 3 2023/2024: SS Manhem II - Varbergs SK"]
[Site "Goteborgs schackcentrum, Vegatan 20, Gothenburg, Sweden"]
[Date "2023.12.03"]
[Round "1.3"]
[White "Warefelt, Niclas"]
[Black "Bengtsson, Jessica"]
[Result "1/2-1/2"]
[TimeControl "90 minutes for 40 moves + 30 minutes for the rest of the game + 30 seconds per move from move one."]
[BlackTitle "WFM"]
[WhiteFideId "1731890"]
[BlackFideId "1711083"]
[WhiteElo "1947"]
[BlackElo "2046"]

1. d4 Nf6 2. Nf3 d5 3. e3 e6 4. Nbd2 c5 5. Bb5+ Bd7 6. Bxd7+ Nbxd7 7. O-O Rc8 8. Re1 Be7 9. b3 b5 10.
dxc5 Bxc5 11. Bb2 O-O 12. Ne5 Bd6 13. Nxd7 Nxd7 14. Nf3 Qc7 15. Rc1 Qa5 16. Qd4 Nf6 17. Red1 Rfd8 18. Ne5 Bc5 19. Qh4 Ba3 20. Qd4 Bc5 21.
Qh4 Ba3 22. Qd4 Bc5 1/2-1/2

[Event "Allsvenskan Div I 3 2023/2024: SS Manhem II - Varbergs SK"]
[Site "Goteborgs schackcentrum, Vegatan 20, Gothenburg, Sweden"]
[Date "2023.12.03"]
[Round "1.4"]
[White "Lisander, Stefan"]
[Black "Martinsson, Erik"]
[Result "1/2-1/2"]
[TimeControl "90 minutes for 40 moves + 30 minutes for the rest of the game + 30 seconds per move from move one."]
[WhiteFideId "1711733"]
[BlackFideId "1731912"]
[WhiteElo "2029"]
[BlackElo "1784"]

1. e4 d5 2. exd5 Nf6 3. d4 Nxd5 4. Nf3 Bg4 5. Be2 e6 6. O-O Be7 7. c4 Nb6 8. Be3 O-O 9. Nbd2 N8d7 10.
Ne5 Bxe2 11. Qxe2 c5 12. Rfd1 Qc7 13. Nxd7 Nxd7 14. dxc5 Nxc5 15. Rac1 Rfd8 16. Nf3 a6 17. b4 Nd7 18.
c5 Nf6 19. a4 Nd5 20. Rc4 Nxe3 21. fxe3 Qc6 22. Rxd8+ Rxd8 23. Qc2 Bf6 24. Qb3 Qd5 25. b5 axb5 26. axb5 Qd1+ 27. Qxd1 Rxd1+ 28. Kf2 Rd8 29. c6 bxc6 30. bxc6 Kf8 31. e4 e5 32. Rc5 Rc8 33. Nxe5 Bxe5 34. Rxe5 Rxc6 35. Ra5 Ke7 36. Kf3 Ke8 1/2-1/2

[Event "Allsvenskan Div I 3 2023/2024: SS Manhem II - Varbergs SK"]
[Site "Goteborgs schackcentrum, Vegatan 20, Gothenburg, Sweden"]
[Date "2023.12.03"]
[Round "1.5"]
[White "Lennermo, Viktor"]
[Black "Abrahamsson, Patrik"]
[Result "0-1"]
[TimeControl "90 minutes for 40 moves + 30 minutes for the rest of the game + 30 seconds per move from move one."]
[WhiteFideId "1776398"]
[BlackFideId "1716484"]
[WhiteElo "1720"]
[BlackElo "1929"]

1. e4 d5 2. exd5 Nf6 3. d4 Nxd5 4. c4 Nb6 5. Nc3 e5 6. dxe5 Qxd1+ 7. Kxd1 Nc6 8. f4 Bf5 9. Be3 O-O-O+ 10. Ke1 Nb4 11. Rd1 Be7 12. Be2 Nc2+ 13. Kf2 Nxe3 14. Kxe3 g5 15. g3 g4 16. Nd5 Bc5+ 17. Kd2 c6 18.
Kc3 cxd5 19. cxd5 Nxd5+ 20. Kb3 Kb8 21. h3 h5 22. hxg4 hxg4 23. Rxh8 Rxh8 24. Rxd5 Be6 25. Bc4 Bxg1 26. Rd6 Rh3 27. Bxe6 Rxg3+ 28. Kc4 fxe6 29. Rxe6 Rf3 30. Rf6 Kc7 31. Kd5 g3 32. e6 Rd3+ 33. Ke4 Re3+ 34. Kd5 g2 35. Rg6 Re2 36. f5 Bh2 37.
f6 Rd2+ 38. Kc4 Rxb2 39. f7 b5+ 40. Kd5 Rd2+ 41. Kc5 Bd6+ 42. Kxb5 Rb2+ 43. Kc4 Rxa2 44. Rg7 Kc6 45. Kb3 Re2 46.
Rg6 Kd5 47. Ka4 Rxe6 48. Rxg2 Rf6 49. Rg7 Bf8 50. Rh7 Ke6 51. Kb5 Rxf7 52. Rh1 Rf5+ 53. Kc4 a5 54. Re1+ Kd6 55. Rd1+ Kc6 56.
Rh1 Rf4+ 57. Kb3 a4+ 58. Kc2 Rf2+ 59. Kd3 a3 60. Kc4 a2 61. Rg1 Bg7 62. Rg6+ Bf6 0-1

[Event "Allsvenskan Div I 3 2023/2024: SS Manhem II - Varbergs SK"]
[Site "Goteborgs schackcentrum, Vegatan 20, Gothenburg, Sweden"]
[Date "2023.12.03"]
[Round "1.6"]
[White "Bengtsson, Siv"]
[Black "Sternerzon, Anders"]
[Result "1-0"]
[TimeControl "90 minutes for 40 moves + 30 minutes for the rest of the game + 30 seconds per move from move one."]
[WhiteFideId "1701673"]
[BlackFideId "1740849"]
[WhiteElo "1995"]
[BlackElo "1734"]

1. e4 c5 2. Nf3 e6 3.
d4 cxd4 4. Nxd4 Nc6 5. Nc3 a6 6. Nxc6 bxc6 7. Bd3 e5 8. O-O Nf6 9. Re1 Be7 10. a4 a5 11. Bc4 O-O 12. Qf3 d6 13. Bg5 Rb8 14. b3 Be6 15. Bf1 Qc7 16. h3 h6 17.
Bxf6 Bxf6 18. Rad1 Rbd8 19. Ne2 d5 20. Ng3 d4 21. Nf5 Kh7 22. Be2 Be7 23. Qg3 Bf6 24. Nxd4 Bc8 25. Nf3 Be6 26.
Nd2 Bg5 27. Nc4 Bf6 28. Qc3 Bxc4 29. Bxc4 Qb6 30. Rxd8 Qxd8 31. Be2 Qb6 32. Rd1 Rc8 33. Bc4 Qc7 34. Rd3 Kg8 35. g3 Rd8 36.
Kg2 Rxd3 37. Bxd3 c5 38. Bc4 Bg5 39. Bd5 Be7 40. Qc4 Bd6 41. Qb5 Kf8 42. Qa6 g6 43. h4 Kg7 44. Qa8 Bf8 45.
Qa6 Bd6 46. Qe2 Qe7 47. h5 g5 48. Qg4 Qc7 49. Qe2 Qe7 50. Qa6 Qc7 51. Kf1 Be7 52. Ke2 Bd8 53. Kd3 f6 54. Qb7 Kf8 55.
Qxc7 Bxc7 56. Kc4 Ke7 57. Kxc5 Kd7 58. c3 Bd8 59. b4 axb4 60. cxb4 Be7+ 61. Kb5 Kc7 62. a5 Bd8 63. Ka6 Kb8 64.
b5 Be7 65. b6 1-0